Map: Atlantica Unlimited

Players

Player 10

  • Race: Protoss Protoss
  • Spawn Location: 6:00

Player 9

  • Race: Terran Terran
  • Spawn Location: 7:00

Player 8

  • Race: Terran Terran
  • Spawn Location: 11:00

Player 7

  • Race: Zerg Zerg
  • Spawn Location: 9:00

Player 6

  • Race: Protoss Protoss
  • Spawn Location: 9:00

CmdrBeaumont

  • Race: Terran Terran
  • Spawn Location: 1:00

TNF

  • Race: Protoss Protoss
  • Spawn Location: 3:00

SlushyStar

  • Race: Protoss Protoss
  • Spawn Location: 3:00

Raynar

  • Race: Protoss Protoss
  • Spawn Location: 12:00

Throwfordays

  • Race: Zerg Zerg
  • League: Silver
  • Spawn Location: 5:00

VOD

Have the link to the VOD?

Description

Time

  • Played on: Sept. 12, 2020, 5:32 p.m.
  • Length: 19:18
Show
View Real Time Build Order
Export as new Build Order

Player 10 Protoss 

Build Orders: Zealot Archon, Dark Templar Rush 

Get SALT Encoding   

    0:01  Probe  
    0:13  Probe  
    0:15  Pylon  
    0:24  Probe  
    0:32  Probe  
    0:35  Unknown  
    0:40  Unknown, Probe  
    0:43  Gateway  
    0:51  Probe  
    0:56  Pylon  
    1:00  Probe  
    1:08  Probe  
    1:18  Probe  
    1:30  Probe  
    1:32  Zealot  
  2  1:34  Cybernetics Core  
  2  1:42  Probe  
  2  1:53  Zealot  
  2  1:54  Probe  
  2  2:00  Pylon  
  4  2:06  Probe  
  4  2:13  Warp Gate  
  4  2:14  Gateway  
  4  2:16  Stalker  
  4  2:18  Twilight Council  
  4  2:20  Probe  
  6  2:32  Gateway, Probe  
  6  2:40  Pylon  
  6  2:44  Probe  
  6  2:46  Zealot  
  8  2:53  Pylon  
  8  2:55  Zealot  
  8  2:56  Probe, Dark Shrine  
  10  3:09  Probe  
  10  3:16  Pylon  
  10  3:21  Probe  
  10  3:27  Zealot  
  10  3:33  Probe  
  12  4:00  Adept  
  12  4:01  Sentry, Probe  
  12  4:02  Sentry  
  18  4:05  Robotics Facility  
  18  4:10  Gateway  
  18  4:13  Probe  
  18  4:16  Nexus  
  18  4:20  Dark Templar  
  18  4:21  Dark Templar  
  18  4:24  Zealot  
  24  4:29  Archon  
  24  4:44  Zealot  
  26  4:48  Dark Templar  
  26  4:52  Zealot  
  30  4:58  Robotics Bay  
  30  5:04  Dark Templar  
  30  5:05  Zealot  
  30  5:06  Immortal  
  38  5:12  Archon  
  38  5:13  Dark Templar  
  40  5:20  Stalker  
  42  5:24  Dark Templar  
  42  5:28  Pylon  
  44  5:37  Zealot  
  44  5:38  Probe  
  44  5:39  Probe  
  44  5:40  Zealot  
  48  5:45  Unknown, Zealot, Immortal  
  48  5:47  Nexus  
  54  5:50  Unknown, Zealot, Probe  
  54  5:52  Archon  
  54  5:56  Adept  
  58  5:57  Dark Templar  
  58  6:00  Probe  
  58  6:03  Probe  
  60  6:05  Zealot  
  60  6:10  Zealot  
  64  6:12  Probe  
  64  6:15  Probe  
  64  6:17  Stalker  
  66  6:25  Dark Templar, Probe  
  68  6:27  Probe  
  68  6:29  Stalker  
  68  6:31  Zealot  
  72  6:33  Pylon  
  72  6:37  Stalker, Probe  
  74  6:40  Probe  
  74  6:48  Pylon  
  74  6:49  Zealot, Probe  
  74  6:51  Zealot, Probe  
  74  6:53  Dark Templar, Archon  
  80  6:54  Zealot  
  80  7:01  Probe  
  82  7:05  Stargate  
  82  7:08  Probe  
  82  7:10  Zealot  
  82  7:13  Probe  
  82  7:14  Probe  
  85  7:16  Dark Templar  
  85  7:17  Stalker  
  85  7:20  Probe  
  85  7:22  Probe  
  89  7:25  Probe  
  89  7:29  Zealot  
  89  7:30  Probe  
  89  7:31  Stalker  
  89  7:33  Probe  
  90  7:38  Probe  
  90  7:42  Adept  
  90  7:43  Probe  
  90  7:44  Robotics Facility  
  90  7:45  Probe  
  90  7:49  Pylon, Stalker  
  90  7:50  Probe  
  92  7:52  Sentry  
  92  7:55  Probe  
  90  7:59  Probe  
  90  8:02  Probe  
  90  8:03  Archon, Probe  
  88  8:05  Zealot  
  88  8:06  Forge  
  88  8:09  Archon  
  88  8:10  Phoenix  
  88  8:11  Probe  
  92  8:13  Pylon, Zealot  
  92  8:14  Probe  
  92  8:19  Stalker  
  96  8:20  Forge, Probe  
  96  8:23  Nexus  
  96  8:26  Probe  
  96  8:28  Probe x2  
  96  8:31  Pylon  
  96  8:32  Colossus  
  102  8:35  Phoenix  
  102  8:38  Probe  
  102  8:39  Probe  
  102  8:40  Probe  
  100  8:45  Photon Cannon  
  100  8:50  Stalker  
  100  8:51  Stalker  
  100  8:52  Stalker  
  106  8:55  Stalker  
  106  9:00  Phoenix  
  110  9:03  Pylon  
  110  9:15  Colossus  
  110  9:16  Unknown  
  104  9:19  Unknown  
  104  9:25  Phoenix  
  104  9:30  Pylon  
  112  9:31  Probe  
  112  9:34  Probe  
  110  9:40  Probe  
  104  9:45  Probe  
  104  9:48  Probe  
  104  9:49  Probe x2  
  104  9:50  Zealot  
  104  9:52  Phoenix  
  104  9:54  Adept  
  104  9:56  Pylon, Stalker  
  100  10:00  Probe  
  100  10:03  Probe  
  100  10:04  Probe  
  100  10:12  Probe  
  100  10:15  Probe  
  100  10:16  Probe  
  100  10:23  Phoenix  
  100  10:24  Probe  
  100  10:27  Unknown  
  92  10:28  Probe  
  92  10:32  Immortal  
  74  10:35  Pylon, Probe  
  74  10:40  Probe  
  60  10:43  Probe  
  60  10:44  Gateway  
  60  10:47  Phoenix  
  40  10:52  Probe  
  40  10:54  Probe  
  40  10:55  Unknown  
  34  11:03  Probe  
  34  11:06  Probe  
  34  11:11  Phoenix  
  34  11:12  Observer  
  34  11:15  Nexus, Probe  
  37  11:19  Probe  
  37  11:27  Probe  
  37  11:30  Phoenix  
  37  11:31  Probe  
  37  11:33  Gateway, Warp Prism  
  37  11:39  Cybernetics Core  
  41  11:40  Probe  
  41  11:41  Zealot  
  41  11:43  Probe  
  43  11:50  Photon Cannon  
  43  11:51  Phoenix  
  43  11:52  Probe  
  43  11:55  Probe  
  43  12:00  Zealot  
  47  12:10  Probe  
  47  12:11  Probe  
  51  12:16  Pylon  
  51  12:20  Pylon, Probe  
  53  12:23  Probe  
  53  12:29  Probe  
  53  12:36  Pylon  
  51  12:37  Probe x2  
  51  12:38  Probe  
  51  12:40  Pylon  
  49  12:47  Probe  
  49  12:48  Probe  
  49  12:54  Probe  
  49  12:55  Probe  
  49  13:01  Probe  
  49  13:03  Zealot  
  49  13:04  Probe  
  51  13:11  Probe  
  51  13:14  Probe  
  51  13:16  Probe  
  51  13:18  Pylon  
  51  13:23  Probe x2  
  51  13:26  Immortal  
  51  13:27  Cybernetics Core, Archon  
  51  13:28  Zealot, Probe  
  51  13:33  Phoenix  
  53  13:34  Probe  
  53  13:35  Probe  
  53  13:39  Probe, Robotics Bay  
  45  13:43  Zealot  
  45  13:44  Probe  
  37  13:48  Zealot  
  37  13:52  Void Ray  
  15  14:00  Gateway  
  15  14:02  Zealot  
  17  14:06  Immortal  
  17  14:08  Pylon  
  21  14:12  Stalker  
  21  14:16  Twilight Council  
  23  14:18  Zealot  
  23  14:21  Pylon  
  25  14:27  Phoenix  
  25  14:33  Photon Cannon  
  25  14:37  Probe  
  27  14:39  Probe  
  27  14:42  Stalker  
  27  14:43  Observer, Stalker  
  27  14:44  Void Ray  
  30  14:55  Photon Cannon  
  30  14:57  Zealot  
  24  15:02  Probe  
  24  15:03  Probe  
  24  15:04  Immortal  
  24  15:05  Adept  
  24  15:06  Sentry  
  32  15:16  Probe  
  32  15:17  Probe  
  32  15:19  Adept  
  34  15:22  Stalker  
  34  15:27  Phoenix  
  36  15:30  Zealot  
  36  15:33  Probe  
  38  15:35  Probe  
  38  15:39  Zealot  
  38  15:41  Photon Cannon  
  40  15:47  Void Ray  
  40  15:49  Zealot  
  40  15:51  Zealot  
  38  15:59  Zealot  
  38  16:03  Robotics Facility, Probe  
  26  16:06  Probe  
  26  16:09  Stalker  
  26  16:10  Zealot  
  29  16:15  Photon Cannon  
  29  16:26  Probe  
  29  16:29  Sentry  
  29  16:32  Immortal  
  39  16:35  Pylon, Stalker  
  39  16:36  Zealot  
  39  16:42  Probe  
  39  16:49  Pylon  
  39  16:54  Templar Archives, Probe  
  39  16:55  Zealot  
  39  16:57  Cybernetics Core  
  39  16:58  Zealot  
  39  16:59  Zealot  
  39  17:00  Photon Cannon  
  41  17:06  Probe  
  41  17:12  Gateway  
  41  17:15  Zealot  
  41  17:16  Zealot  
  41  17:17  Robotics Bay  
  41  17:20  Forge, Zealot  
  41  17:22  Probe  
  43  17:26  Pylon  
  35  17:31  Immortal  
  35  17:34  Sentry  
  41  17:37  Zealot  
  41  17:39  Probe  
  41  17:40  Photon Cannon  
  41  17:41  High Templar  
  41  17:42  Immortal  
  41  17:43  Robotics Facility  
  45  17:47  Stargate  
  49  17:54  Pylon  
  49  17:58  High Templar, Probe  
  49  18:00  Stalker  
  53  18:07  Sentry  
  53  18:09  Colossus  
  61  18:13  Probe  
  61  18:14  Stalker  
  61  18:19  Colossus  
  63  18:25  Stalker, Probe  
  71  18:29  Gateway  
  71  18:30  Void Ray  
  71  18:33  Photon Cannon, Zealot  
  79  18:34  Zealot  
  79  18:37  Probe  
  79  18:39  Pylon  
  83  18:41  High Templar  
  83  18:49  Adept, Probe  
  83  18:54  Adept  
  83  18:55  Stalker  
  83  19:01  Probe  
  78  19:10  Zealot  
  78  19:16  Stalker  
Show
View Real Time Build Order
Export as new Build Order

Player 9 Terran 

Build Orders: Mech 

Get SALT Encoding   

    0:01  SCV  
    0:13  SCV  
    0:14  Supply Depot  
    0:25  SCV  
    0:37  SCV  
    0:38  Unknown  
    0:39  Barracks  
    0:41  Unknown  
    0:49  SCV  
    1:04  Command Center  
    1:12  SCV  
    1:23  Supply Depot  
    1:24  SCV  
    1:29  Marine  
  1  1:36  SCV  
  1  1:41  Factory  
  1  1:52  SCV, Barracks  
  1  1:55  Marine  
  2  2:04  SCV  
  2  2:08  Supply Depot  
  2  2:13  Marine  
  3  2:16  SCV  
  3  2:19  SCV  
  3  2:27  Factory Tech Lab  
  3  2:28  SCV  
  3  2:31  Marine  
  4  2:39  Marine, SCV  
  4  2:41  SCV  
  5  2:46  Siege Tank  
  5  2:49  Marine  
  5  2:50  Supply Depot  
  9  2:54  Orbital Command  
  9  3:03  Marine, Orbital Command  
  10  3:07  Marine  
  11  3:19  SCV  
  11  3:21  Marine, Barracks  
  11  3:26  Barracks Tech Lab  
  12  3:28  SCV  
  12  3:31  SCV  
  12  3:36  Starport  
  12  3:40  SCV, Barracks Tech Lab  
  12  3:43  SCV  
  12  3:44  Marine  
  13  3:52  SCV  
  13  3:55  SCV  
  13  3:58  Marine  
  13  4:00  Factory  
  13  4:02  Marine  
  15  4:04  SCV  
  15  4:08  SCV  
  15  4:09  Marine  
  16  4:14  Supply Depot, Medivac  
  16  4:16  Marine, SCV  
  19  4:17  Supply Depot  
  19  4:20  Marine, SCV  
  20  4:26  Marine  
  20  4:28  Starport  
  20  4:29  SCV  
  21  4:32  SCV  
  21  4:34  Marauder  
  21  4:38  Marine  
  24  4:41  SCV  
  24  4:42  Supply Depot  
  24  4:44  Marine, SCV, Medivac  
  24  4:45  Supply Depot  
  27  4:51  Stimpack  
  27  4:52  Combat Shield  
  27  4:53  SCV  
  27  4:56  Marauder x2  
  27  4:57  Factory  
  31  5:02  Marine  
  32  5:10  Engineering Bay  
  32  5:12  Hellion x2  
  32  5:13  SCV, Supply Depot  
  36  5:14  SCV  
  36  5:17  Marauder x2  
  40  5:25  SCV  
  40  5:27  SCV, Unknown  
  40  5:30  Unknown  
  40  5:32  Command Center  
  40  5:33  Siege Tank  
  40  5:34  Hellion  
  45  5:37  SCV, Viking  
  45  5:38  Marauder, Missile Turret  
  45  5:39  SCV, Marauder  
  51  5:43  Hellion  
  51  5:44  Missile Turret  
  51  5:46  Viking  
  51  5:49  SCV  
  55  5:51  SCV  
  55  6:00  Marauder x2  
  55  6:01  SCV  
  55  6:03  SCV  
  59  6:06  Siege Tank  
  59  6:07  Viking  
  64  6:13  SCV  
  64  6:15  SCV  
  64  6:16  Viking  
  66  6:21  Marauder x2  
  70  6:25  SCV  
  70  6:31  SCV  
  70  6:35  Fusion Core  
  70  6:37  Viking, SCV  
  70  6:38  Siege Tank  
  70  6:39  Supply Depot  
  75  6:43  SCV, Marauder x2  
  75  6:46  Viking, SCV  
  81  6:49  SCV  
  81  6:52  Engineering Bay  
  81  6:55  SCV  
  81  7:02  SCV  
  81  7:03  Unknown  
  81  7:04  SCV, Marauder x2  
  81  7:07  SCV, Unknown  
  81  7:08  Starport Tech Lab  
  85  7:10  Siege Tank  
  85  7:11  Hellion  
  85  7:14  SCV  
  85  7:15  Viking, Hellion  
  92  7:16  SCV  
  92  7:19  SCV  
  92  7:20  Armory  
  94  7:25  Supply Depot, Marauder  
  94  7:26  SCV, Marauder  
  94  7:27  Viking  
  100  7:31  SCV  
  100  7:34  SCV, Armory, Factory Tech Lab  
  100  7:43  Siege Tank  
  103  7:45  Viking  
  103  7:47  Marauder x2  
  107  7:53  Supply Depot, Hellion  
  107  7:54  Hellion  
  107  7:57  Battlecruiser  
  104  8:03  Marine  
  90  8:08  Marine, Marauder  
  80  8:15  Viking  
  80  8:16  Hellion  
  80  8:18  Hellion  
  80  8:22  Marine  
  80  8:27  Marauder  
  81  8:30  Marauder  
  83  8:39  Marine  
  84  8:45  Viking  
  84  8:47  Marine  
  87  8:51  Marauder  
  87  8:52  SCV  
  89  8:59  Marine  
  89  9:01  Viking  
  92  9:03  Missile Turret  
  92  9:06  Marauder  
  92  9:08  Orbital Command, Missile Turret  
  94  9:11  Cyclone  
  94  9:12  Marine, Hellion  
  100  9:17  Marine, Hellion  
  100  9:20  Medivac, Missile Turret  
  105  9:27  Marauder  
  105  9:29  Missile Turret  
  105  9:30  Marauder  
  109  9:31  Battlecruiser  
  109  9:32  Supply Depot  
  109  9:33  Hellion  
  109  9:35  Marine  
  106  9:43  Widow Mine  
  108  9:49  Marauder, Liberator  
  108  9:52  Marauder  
  115  9:54  Cyclone  
  118  10:00  Barracks Reactor, Missile Turret  
  118  10:06  Missile Turret  
  118  10:10  Supply Depot  
  118  10:11  Marauder  
  118  10:13  Marauder  
  122  10:18  Factory Tech Lab  
  122  10:24  Missile Turret  
  122  10:31  Marine  
  122  10:32  Viking  
  122  10:33  Hellion  
  127  10:35  Viking  
  127  10:36  Barracks  
  127  10:37  Marine  
  130  10:45  Factory  
  130  10:50  Supply Depot  
  130  10:58  Marine  
  130  11:00  Missile Turret  
  130  11:02  Viking, Widow Mine  
  135  11:06  Battlecruiser  
  138  11:18  Supply Depot  
  138  11:31  Cyclone  
  138  11:32  Viking  
  143  11:42  Missile Turret  
  143  11:44  Widow Mine  
  143  11:45  Supply Depot  
  143  11:46  Widow Mine  
  147  11:48  Siege Tank  
  147  11:53  Marauder  
  133  11:57  Marauder  
  115  12:02  Viking  
  115  12:05  Siege Tank  
  115  12:06  Hellion  
  115  12:07  Siege Tank  
  115  12:08  Marine  
  95  12:09  Marine, Viking  
  95  12:10  Marine  
  95  12:14  Marine  
  101  12:18  Marine  
  101  12:20  Siege Tank  
  105  12:27  Widow Mine  
  95  12:32  Viking  
  95  12:33  Barracks, Marauder  
  95  12:36  Marauder  
  99  12:39  Marine  
  99  12:40  Siege Tank  
  99  12:41  Marine  
  99  12:42  SCV  
  99  12:43  Marine  
  96  12:44  Ghost Academy  
  96  12:48  SCV  
  96  12:49  SCV  
  96  12:51  Viking  
  89  12:52  Siege Tank  
  89  12:54  SCV  
  89  12:55  Marine  
  89  12:57  Marauder  
  89  12:58  Barracks Tech Lab  
  86  13:01  Marine  
  86  13:02  Viking  
  86  13:04  Marine  
  78  13:05  Widow Mine  
  78  13:07  Widow Mine  
  80  13:13  Siege Tank  
  80  13:14  Marauder  
  80  13:16  Fusion Core  
  80  13:17  SCV  
  80  13:18  Marine, SCV  
  80  13:19  Marine  
  87  13:20  SCV  
  87  13:23  Marine, Marauder  
  87  13:24  Cyclone  
  87  13:25  Marine  
  87  13:26  Medivac  
  96  13:33  Starport Reactor  
  96  13:35  Marauder  
  96  13:36  Ghost  
  100  13:42  SCV  
  100  13:44  Marauder  
  100  13:45  SCV, Siege Tank  
  100  13:47  Marine  
  106  13:48  SCV  
  106  13:49  Marine  
  106  13:51  Marine  
  106  13:54  SCV  
  108  13:56  Marine, Viking  
  108  13:57  Siege Tank  
  104  14:05  Marine x2  
  104  14:08  Marine  
  92  14:13  Viking  
  92  14:14  Marauder  
  92  14:15  Viking  
  82  14:17  Cyclone  
  82  14:23  Marauder  
  83  14:26  Raven, Ghost  
  79  14:32  Marine  
  79  14:34  Widow Mine  
  79  14:35  Marine  
  79  14:36  Marine, Marauder  
  79  14:38  Siege Tank  
  81  14:43  Medivac  
  81  14:44  Marine  
  81  14:45  Medivac  
  86  14:50  Marine  
  90  14:52  Cyclone  
  90  14:53  Marine  
  90  14:55  Marine  
  90  14:59  Marine  
  92  15:03  Marauder  
  92  15:04  Marine  
  96  15:08  Marine  
  96  15:09  Raven  
  96  15:11  Marine  
  96  15:12  Siege Tank  
  96  15:13  Ghost  
  105  15:17  Marine  
  105  15:19  Viking  
  105  15:20  Viking  
  110  15:24  Marine  
  110  15:26  Cyclone  
  114  15:29  Marine  
  114  15:34  Marine  
  116  15:36  Marauder  
  116  15:38  Marine  
  116  15:42  Marine, Marauder  
  122  15:50  Supply Depot  
  122  15:51  Medivac  
  122  15:53  Siege Tank  
  127  15:58  Siege Tank, Battlecruiser  
  127  16:01  Viking  
  118  16:04  Marauder  
  118  16:08  Marauder  
  118  16:09  Marine  
  83  16:12  Marine  
  83  16:13  Marine  
  83  16:14  Marine  
  73  16:22  Viking  
  73  16:25  Marine, Siege Tank  
  70  16:31  Medivac  
  71  16:33  Marauder  
  71  16:35  Marauder  
  71  16:40  Cyclone  
  71  16:43  Marauder  
  72  16:49  Widow Mine  
  72  16:52  Marine, Widow Mine  
  75  16:55  Marine  
  75  16:56  Viking  
  75  16:57  Marine, Widow Mine  
  75  16:59  Marine  
  75  17:00  Marine  
  75  17:01  Viking  
  82  17:02  Viking  
  82  17:05  Marine  
  77  17:10  Marine  
  77  17:12  Cyclone  
  77  17:13  Ghost  
  77  17:15  Marauder  
  77  17:16  Marine  
  77  17:18  Marine  
  67  17:23  Siege Tank, Marauder  
  67  17:25  Widow Mine  
  62  17:30  Viking  
  62  17:31  Viking, Raven  
  67  17:38  Marauder  
  67  17:43  Marauder  
  71  17:44  Siege Tank  
  71  17:45  Marauder  
  71  17:49  Marine  
  71  17:51  Marine  
  78  17:53  Marine  
  78  17:55  Siege Tank  
  82  17:59  Marauder  
  82  18:00  Viking  
  82  18:02  Liberator  
  89  18:06  Marauder  
  89  18:09  Marauder  
  93  18:18  Marine  
  100  18:20  Marauder, Cyclone  
  100  18:21  Marine  
  100  18:23  Marine  
  107  18:27  Cyclone  
  107  18:28  Marauder  
  107  18:30  Marine, Viking  
  115  18:38  Marine  
  115  18:40  Marine  
  102  18:42  Marine, Marauder  
  102  18:47  Marine  
  105  18:49  Marauder  
Show
View Real Time Build Order
Export as new Build Order

Player 8 Terran 

Build Orders:  

Get SALT Encoding   

    0:01  SCV  
    0:13  Supply Depot, SCV  
    0:25  SCV  
    0:32  Unknown  
    0:37  SCV, Unknown  
    0:38  Barracks  
    0:49  SCV  
    0:54  Barracks  
    1:01  SCV  
    1:13  SCV  
    1:25  Marine, Barracks  
    1:27  Orbital Command  
  1  1:39  Supply Depot  
  1  1:41  Marine  
  1  1:43  Marine  
  3  1:52  SCV  
  3  2:00  Barracks Tech Lab  
  3  2:02  Barracks Tech Lab  
  3  2:04  SCV  
  3  2:12  Marine  
  4  2:17  Supply Depot  
  4  2:18  Marine  
  4  2:20  Marine, Stimpack  
  4  2:21  Concussive Shells  
  6  2:24  SCV  
  6  2:29  Marine  
  6  2:36  Marauder  
  9  2:38  Marine  
  9  2:43  Supply Depot  
  10  2:47  Marine  
  11  2:54  SCV  
  11  2:55  Marine  
  11  2:57  Marauder  
  14  3:01  Supply Depot  
  14  3:03  Combat Shield  
  14  3:05  Marine  
  15  3:13  Marine, SCV  
  15  3:19  Marauder  
  18  3:23  Marine  
  19  3:31  SCV  
  19  3:32  Supply Depot, Marauder  
  21  3:40  Marauder  
  21  3:41  Marine  
  19  3:43  SCV  
  19  3:45  Factory  
  18  3:53  Marauder  
  20  3:55  SCV  
  20  3:58  Marine  
  20  4:02  Marauder  
  23  4:07  SCV  
  23  4:14  Marauder  
  23  4:16  Marine  
  26  4:20  SCV  
  26  4:23  Marauder  
  28  4:32  SCV  
  28  4:34  Marine  
  28  4:35  Starport  
  28  4:36  Marauder  
  31  4:44  SCV, Marauder  
  33  4:52  Marine  
  34  4:56  SCV  
  34  4:57  Marauder  
  36  5:05  Engineering Bay  
  36  5:06  Marauder  
  38  5:08  SCV  
  38  5:11  Barracks Reactor  
  38  5:12  Starport Tech Lab  
  38  5:14  Fusion Core  
  38  5:17  Engineering Bay  
  38  5:19  Marauder  
  38  5:20  SCV  
  40  5:25  Factory Tech Lab  
  40  5:27  Marauder  
  42  5:35  Supply Depot  
  42  5:38  Viking  
  42  5:39  SCV  
  42  5:40  Marauder  
  46  5:47  Siege Tank  
  46  5:48  Marine, Marauder  
  47  5:59  Marine  
  47  6:01  Marauder  
  33  6:06  Marine  
  33  6:07  Viking  
  33  6:10  Marauder  
  22  6:16  Marine  
  23  6:19  Hellion  
  23  6:22  Marine  
  23  6:24  Marine  
  27  6:31  Marine  
  28  6:34  Marine  
  28  6:37  Viking  
  31  6:41  Hellion, Marauder  
  31  6:42  Marine  
  36  6:49  Marauder  
  36  6:52  Marine  
  39  6:58  Supply Depot  
  39  6:59  Marine  
  40  7:02  Hellion, Marauder  
  40  7:08  Battlecruiser  
  50  7:10  Marine, Marauder  
  53  7:23  Marauder  
  53  7:25  Supply Depot  
  55  7:32  Marauder  
  57  7:45  Marauder  
  59  7:52  Supply Depot  
  59  7:53  Marauder  
  61  8:03  Marine x2  
  54  8:06  Marauder  
  54  8:12  Battlecruiser  
  51  8:13  Siege Tank  
  51  8:15  Marauder  
  56  8:20  Marine  
  56  8:21  Marine  
  58  8:27  Marine  
  58  8:31  Supply Depot  
  59  8:35  Marine  
  59  8:39  Marine  
  59  8:40  Marine  
  62  8:45  Marine, Siege Tank  
  66  8:54  Marauder  
  68  8:57  Marine  
  68  8:58  Marine  
  68  9:01  Supply Depot  
  70  9:02  Marine  
  71  9:15  Marine, Marauder  
  71  9:16  Battlecruiser  
  71  9:17  Marine  
  80  9:18  Siege Tank  
  80  9:21  Marauder  
  86  9:29  Supply Depot  
  86  9:37  Marauder  
  86  9:52  Marine  
  87  9:53  Marine  
  87  9:55  Barracks  
  88  10:00  Supply Depot  
  88  10:09  Siege Tank  
  91  10:15  Missile Turret  
  91  10:19  Armory  
  91  10:20  Viking  
  93  10:28  Supply Depot  
  93  10:34  Armory  
  93  10:49  Hellion  
  95  10:50  Battlecruiser  
  101  10:58  Factory  
  101  11:04  Supply Depot  
  101  11:10  Hellion  
  103  11:32  Hellion  
  105  11:33  Supply Depot  
  105  11:46  Hellion  
  107  11:47  Missile Turret  
  107  11:53  Hellion  
  109  11:54  Viking  
  109  11:58  Factory  
  111  12:05  Supply Depot  
  111  12:07  Hellion  
  113  12:14  Siege Tank  
  116  12:18  Missile Turret  
  106  12:25  Marine x2, Marauder, Battlecruiser  
  106  12:28  Marine  
  106  12:29  Factory Tech Lab  
  94  12:31  Marine  
  69  12:43  Marine, Marauder  
  46  12:45  Marine  
  46  12:46  Marine, Siege Tank  
  46  12:49  Marine  
  46  12:51  Hellion  
  54  12:58  Hellion  
  56  13:01  Marine  
  56  13:04  Marauder  
  56  13:05  Marauder  
  61  13:12  Hellion  
  63  13:18  Siege Tank  
  66  13:25  Marauder  
  66  13:26  Marauder  
  70  13:29  Battlecruiser  
  70  13:33  Siege Tank  
  79  13:46  Marauder  
  79  13:47  Marauder  
  83  13:48  Marine  
  83  13:51  Marine  
  83  13:52  Marine, Siege Tank  
  89  14:05  Siege Tank  
  89  14:06  Marine  
  89  14:08  Marine, Marauder  
  89  14:09  Marauder  
  98  14:10  Marine  
  99  14:24  Marine, Siege Tank  
  102  14:28  Hellion  
  102  14:29  Marauder  
  102  14:30  Marauder  
  109  14:33  Battlecruiser  
  109  14:38  Hellion  
  117  14:42  Supply Depot  
  117  14:51  Marauder  
  117  14:52  Marauder  
  121  15:10  Supply Depot  
  121  15:12  Marine, Marauder  
  121  15:14  Marauder  
  126  15:33  Marauder  
  126  15:35  Marauder  
  130  15:37  Battlecruiser  
  136  15:45  Siege Tank  
  136  15:47  Supply Depot  
  136  15:48  Siege Tank  
  142  15:57  Missile Turret  
  142  16:15  Supply Depot  
  142  16:17  Siege Tank  
  145  16:20  Siege Tank  
  148  16:41  Viking  
  148  16:46  Supply Depot  
  150  17:11  Viking  
  152  17:26  Supply Depot  
  152  17:41  Viking  
  154  17:50  Marine  
  148  17:58  Marine  
  148  18:01  Marine  
  148  18:04  Marine  
  151  18:07  Marine  
  151  18:09  Marine  
  151  18:11  Battlecruiser  
  154  18:16  Marine  
  154  18:19  Marine  
  154  18:22  Marine  
  154  18:26  Marine  
  156  18:30  Marine  
  150  18:34  Marauder  
  150  18:37  Marine  
  150  18:40  Marine  
  142  18:48  Marine  
  129  18:51  Marine  
  129  18:54  Marine  
  113  18:56  Marauder  
Show
View Real Time Build Order
Export as new Build Order

Player 7 Zerg 

Build Orders: Pool First, Brood Lord Corruptor, Muta Ling Bane 

Get SALT Encoding   

    0:01  Drone  
    0:10  Overlord  
    0:12  Drone  
    0:15  Drone  
    0:22  Drone  
    0:33  Drone  
    0:34  Spawning Pool  
    0:44  Drone, Unknown  
    0:46  Unknown  
    0:54  Drone  
    1:05  Drone  
    1:11  Hatchery  
    1:16  Drone  
    1:21  Queen  
  2  1:27  Drone  
  2  1:37  Drone  
  2  1:48  Overlord  
  2  1:56  Queen  
  2  1:59  Zergling x2  
  5  2:09  Drone  
  5  2:13  Roach Warren  
  5  2:20  Drone  
  5  2:22  Drone  
  5  2:27  Zergling x4  
  5  2:28  Drone  
  7  2:32  Drone  
  7  2:33  Overlord  
  7  2:42  Drone  
  7  2:44  Drone  
  7  2:53  Drone  
  7  2:54  Drone  
  7  2:59  Roach x2  
  7  3:00  Lair, Roach  
  7  3:04  Overlord  
  13  3:06  Roach  
  15  3:15  Overlord  
  15  3:16  Zergling x2  
  16  3:26  Zergling x2  
  16  3:27  Zergling x2  
  18  3:28  Drone x3  
  17  3:35  Roach  
  17  3:36  Drone, Roach  
  17  3:38  Roach  
  17  3:39  Drone  
  23  3:49  Zergling x2, Overlord  
  24  3:56  Drone  
  24  3:57  Roach  
  24  3:58  Roach  
  24  4:00  Overlord, Hydralisk Den  
  24  4:01  Drone  
  28  4:07  Overlord, Drone, Roach  
  30  4:24  Overlord  
  30  4:29  Hydralisk x2  
  30  4:30  Hydralisk x2  
  30  4:31  Hydralisk x2  
  38  4:33  Hydralisk  
  38  4:37  Hydralisk  
  38  4:38  Hydralisk x3  
  48  4:44  Queen, Hydralisk  
  56  4:47  Spore Crawler  
  56  4:50  Drone  
  56  4:52  Spore Crawler  
  56  4:53  Hydralisk  
  56  4:54  Overlord, Hydralisk  
  56  4:56  Drone  
  60  5:01  Overlord  
  60  5:08  Drone  
  60  5:10  Drone  
  60  5:11  Roach  
  60  5:12  Drone  
  60  5:13  Roach  
  64  5:15  Baneling Nest  
  64  5:18  Drone  
  64  5:21  Hatchery  
  64  5:22  Drone  
  64  5:23  Drone  
  64  5:24  Roach  
  64  5:26  Drone  
  66  5:29  Drone  
  66  5:35  Drone  
  66  5:39  Drone  
  66  5:42  Drone  
  66  5:43  Roach  
  66  5:44  Drone  
  66  5:45  Drone  
  68  5:51  Drone  
  68  5:52  Drone, Roach  
  68  5:53  Roach  
  68  5:54  Infestation Pit  
  72  5:58  Baneling, Roach  
  74  6:04  Drone  
  74  6:10  Drone  
  74  6:15  Roach, Spire  
  74  6:16  Roach  
  74  6:17  Drone  
  69  6:18  Roach  
  69  6:19  Roach  
  69  6:20  Roach  
  69  6:23  Roach  
  67  6:26  Ravager  
  67  6:27  Zergling x2  
  67  6:31  Zergling x2  
  60  6:33  Hive  
  60  6:35  Roach  
  60  6:37  Unknown  
  60  6:39  Drone  
  50  6:41  Hydralisk  
  50  6:44  Unknown  
  50  6:45  Hydralisk  
  45  6:47  Drone  
  45  6:48  Hydralisk  
  45  6:50  Drone, Unknown, Hydralisk  
  45  6:51  Drone  
  45  6:52  Hydralisk  
  45  6:54  Drone, Hydralisk  
  43  6:55  Drone  
  43  7:00  Unknown  
  43  7:01  Drone  
  45  7:04  Drone  
  45  7:06  Drone  
  45  7:07  Ravager  
  46  7:08  Overseer  
  46  7:09  Evolution Chamber  
  46  7:12  Drone  
  46  7:16  Drone  
  46  7:17  Evolution Chamber, Roach  
  46  7:18  Roach  
  46  7:19  Drone  
  46  7:20  Roach  
  46  7:21  Roach  
  46  7:22  Drone  
  54  7:23  Roach  
  54  7:27  Drone  
  54  7:28  Roach  
  54  7:29  Drone  
  58  7:37  Drone  
  58  7:38  Baneling, Drone  
  58  7:39  Zergling x2  
  58  7:40  Baneling  
  58  7:42  Baneling x2  
  59  7:45  Drone  
  59  7:46  Greater Spire  
  59  7:47  Drone  
  59  7:48  Roach  
  59  7:49  Drone  
  59  7:50  Drone, Roach  
  59  7:51  Roach  
  65  7:52  Drone, Mutalisk  
  67  7:59  Zergling x2  
  67  8:00  Drone  
  67  8:02  Drone  
  68  8:07  Baneling  
  68  8:08  Baneling  
  68  8:10  Zergling x2  
  68  8:11  Drone  
  68  8:12  Drone  
  69  8:14  Mutalisk  
  69  8:15  Mutalisk  
  69  8:17  Mutalisk  
  75  8:20  Mutalisk  
  75  8:22  Corruptor, Mutalisk  
  75  8:23  Infestor  
  75  8:24  Spine Crawler, Mutalisk  
  75  8:25  Baneling  
  75  8:26  Baneling  
  85  8:27  Zergling x2  
  85  8:31  Mutalisk  
  85  8:33  Mutalisk  
  90  8:34  Drone  
  90  8:38  Queen  
  92  8:41  Hatchery  
  92  8:42  Drone  
  92  8:43  Drone, Roach  
  92  8:44  Drone, Mutalisk  
  92  8:46  Overseer, Spine Crawler  
  92  8:47  Drone  
  96  8:52  Drone  
  96  8:53  Mutalisk  
  96  8:54  Drone, Mutalisk  
  100  8:56  Overlord  
  100  8:58  Drone  
  100  8:59  Brood Lord  
  102  9:03  Corruptor  
  102  9:06  Centrifical Hooks  
  102  9:08  Drone, Mutalisk  
  106  9:11  Drone  
  106  9:12  Zerg Missile Weapons Level 1  
  106  9:13  Zerg Ground Armor Level 1  
  106  9:15  Overlord  
  106  9:17  Zergling x2  
  106  9:18  Zergling x2  
  106  9:20  Zergling x2  
  106  9:22  Zergling x2  
  110  9:24  Metabolic Boost  
  110  9:27  Spore Crawler  
  110  9:28  Drone  
  110  9:33  Evolution Chamber  
  110  9:36  Drone  
  110  9:37  Zergling x2  
  110  9:38  Overlord  
  111  9:39  Zergling x2, Spore Crawler  
  111  9:40  Zergling x2  
  111  9:41  Zergling x2  
  111  9:42  Drone  
  114  9:47  Spine Crawler  
  114  9:49  Drone  
  114  10:05  Infestor  
  116  10:11  Viper  
  119  10:17  Viper  
  119  10:18  Overlord  
  119  10:19  Mutalisk  
  119  10:20  Mutalisk  
  126  10:22  Mutalisk  
  126  10:23  Mutalisk  
  126  10:24  Mutalisk  
  126  10:25  Mutalisk  
  126  10:26  Mutalisk  
  136  10:37  Spine Crawler  
  136  10:38  Overlord  
  136  10:40  Drone  
  136  10:42  Overseer  
  136  10:47  Brood Lord  
  136  10:48  Hydralisk  
  140  10:51  Corruptor  
  140  10:52  Hydralisk  
  141  10:59  Overlord  
  141  11:03  Spine Crawler  
  141  11:06  Drone  
  141  11:10  Glial Reconstitution  
  141  11:13  Adrenal Glands  
  141  11:15  Hydralisk, Pneumatized Carapace  
  143  11:19  Hydralisk  
  143  11:20  Infestor  
  143  11:21  Overlord  
  143  11:24  Brood Lord  
  149  11:26  Corruptor  
  149  11:28  Zerg Flyer Weapons Level 1  
  149  11:29  Corruptor  
  149  11:32  Corruptor  
  155  11:33  Corruptor  
  155  11:35  Infestor  
  155  11:38  Hydralisk  
  155  11:39  Hydralisk  
  161  11:43  Overlord  
  161  11:44  Hydralisk  
  161  11:45  Hydralisk  
  167  11:47  Hydralisk  
  167  11:51  Zerg Melee Weapons Level 1  
  169  12:02  Overlord  
  169  12:05  Brood Lord  
  169  12:07  Overseer  
  171  12:11  Brood Lord  
  173  12:26  Overlord  
  173  12:27  Hydralisk  
  175  12:31  Baneling  
  175  12:37  Ultralisk Cavern  
  175  12:42  Drone  
  175  12:47  Zergling x2  
  175  12:48  Overlord  
  175  12:49  Mutalisk  
  175  12:50  Mutalisk  
  176  12:51  Corruptor  
  176  12:52  Corruptor  
  176  12:54  Corruptor  
  176  12:55  Mutalisk  
  176  12:56  Mutalisk  
  176  12:58  Mutalisk  
  170  13:00  Mutalisk  
  170  13:01  Pathogen Glands  
  170  13:02  Mutalisk  
  170  13:03  Mutalisk  
  170  13:04  Mutalisk  
  156  13:06  Mutalisk  
  156  13:07  Mutalisk  
  156  13:09  Mutalisk  
  156  13:10  Mutalisk  
  156  13:11  Mutalisk  
  159  13:13  Zergling x2  
  159  13:14  Mutalisk  
  159  13:16  Mutalisk  
  159  13:17  Corruptor  
  159  13:18  Corruptor  
  159  13:19  Corruptor  
  168  13:21  Overlord  
  168  13:22  Corruptor  
  168  13:24  Corruptor  
  168  13:25  Corruptor  
  168  13:26  Corruptor  
  178  13:28  Corruptor  
  178  13:29  Corruptor  
  178  13:32  Corruptor  
  178  13:33  Corruptor  
  186  13:35  Corruptor  
  186  13:38  Ultralisk  
  186  13:41  Ultralisk  
  200  13:43  Overlord  
  200  13:50  Brood Lord  
  200  13:51  Brood Lord  
  206  13:55  Brood Lord  
  206  14:03  Hydralisk  
  206  14:04  Overlord  
  206  14:05  Hydralisk  
  206  14:07  Hydralisk  
  206  14:08  Hydralisk  
  214  14:10  Zerg Melee Weapons Level 2  
  214  14:11  Zerg Missile Weapons Level 2  
  214  14:18  Zerg Flyer Weapons Level 2  
  214  14:21  Zerg Ground Armor Level 2  
  214  14:24  Hydralisk  
  214  14:25  Overlord  
  214  14:26  Hydralisk  
  214  14:27  Corruptor  
  214  14:28  Corruptor  
  222  14:39  Neural Parasite  
  222  14:44  Corruptor  
  224  14:46  Overlord  
  224  14:48  Corruptor  
  224  14:51  Corruptor  
  228  14:54  Brood Lord  
  230  15:04  Corruptor  
  232  15:08  Overlord  
  232  15:10  Corruptor, Brood Lord  
  232  15:11  Brood Lord  
  238  15:26  Corruptor  
  240  15:28  Overlord  
  240  15:31  Corruptor  
  244  15:35  Brood Lord  
  244  15:47  Hydralisk  
  244  15:49  Overlord  
  246  15:51  Hydralisk  
  246  15:53  Hydralisk  
  246  15:55  Hydralisk  
  252  16:09  Hydralisk  
  252  16:11  Overlord  
  254  16:12  Spine Crawler  
  254  16:15  Corruptor  
  254  16:17  Drone  
  256  16:20  Corruptor  
  256  16:21  Spore Crawler, Corruptor  
  256  16:26  Drone  
  256  16:30  Spore Crawler  
  256  16:31  Ultralisk  
  256  16:32  Overlord  
  262  16:34  Drone  
  262  16:35  Ultralisk  
  268  16:48  Brood Lord  
  268  16:52  Corruptor  
  272  16:54  Overlord  
  272  16:57  Ultralisk  
  272  17:01  Chitinous Plating  
  278  17:02  Spine Crawler  
  278  17:03  Burrow  
  278  17:04  Tunneling Claws  
  278  17:06  Drone  
  278  17:13  Roach  
  278  17:15  Mutalisk  
  263  17:16  Overlord  
  263  17:18  Mutalisk  
  263  17:19  Mutalisk  
  263  17:21  Mutalisk  
  247  17:23  Mutalisk  
  247  17:25  Mutalisk  
  247  17:27  Mutalisk  
  247  17:28  Zergling x2  
  239  17:30  Roach  
  239  17:31  Zergling x2  
  239  17:33  Roach  
  239  17:34  Roach  
  239  17:35  Mutalisk  
  217  17:37  Corruptor  
  217  17:38  Corruptor  
  217  17:40  Overseer  
  217  17:41  Corruptor  
  217  17:42  Corruptor  
  217  17:44  Infestor  
  215  17:46  Ultralisk  
  215  17:47  Infestor  
  215  17:48  Viper  
  215  17:49  Corruptor  
  215  17:51  Corruptor  
  226  17:52  Infestor  
  226  17:54  Brood Lord  
  226  17:55  Infestor  
  226  17:56  Corruptor  
  226  17:57  Infestor  
  230  18:00  Brood Lord  
  230  18:01  Infestor  
  230  18:05  Corruptor  
  222  18:08  Brood Lord  
  222  18:09  Corruptor, Brood Lord  
  222  18:10  Corruptor  
  222  18:11  Viper  
  233  18:13  Brood Lord  
  233  18:14  Corruptor  
  233  18:17  Ultralisk  
  233  18:18  Overlord  
  243  18:20  Infestor, Spine Crawler, Ultralisk  
  243  18:21  Viper  
  243  18:23  Ultralisk  
  243  18:24  Drone  
  243  18:25  Infestor  
  243  18:26  Ultralisk  
  268  18:28  Viper  
  271  18:40  Overlord  
  271  18:41  Hydralisk  
  271  18:42  Hydralisk  
  281  19:08  Spore Crawler  
Show
View Real Time Build Order
Export as new Build Order

Player 6 Protoss 

Build Orders: 1 Gate Expand 

Get SALT Encoding   

    0:01  Probe  
    0:13  Probe  
    0:15  Pylon  
    0:24  Probe  
    0:32  Probe  
    0:35  Unknown  
    0:38  Unknown  
    0:40  Gateway, Probe  
    0:51  Probe  
    0:52  Pylon  
    0:59  Probe  
    1:08  Probe  
    1:18  Probe  
    1:24  Nexus  
    1:28  Zealot  
    1:30  Probe  
  2  1:36  Cybernetics Core  
  2  1:42  Probe  
  2  1:50  Gateway  
  2  1:53  Zealot  
  2  1:58  Pylon  
  4  2:01  Probe  
  4  2:13  Probe  
  4  2:15  Warp Gate  
  4  2:16  Adept  
  6  2:25  Probe  
  6  2:30  Pylon  
  6  2:33  Probe  
  6  2:36  Probe  
  6  2:37  Adept  
  6  2:41  Probe  
  8  2:46  Adept  
  8  2:49  Probe  
  10  2:52  Probe  
  10  3:00  Pylon, Probe  
  10  3:02  Robotics Facility  
  10  3:07  Sentry  
  12  3:14  Stalker  
  12  3:18  Gateway  
  14  3:20  Probe  
  14  3:23  Probe  
  14  3:33  Stalker, Probe  
  16  3:35  Probe  
  16  3:36  Stalker  
  16  3:45  Probe  
  16  3:47  Probe  
  18  3:55  Pylon  
  18  3:57  Probe  
  18  3:59  Probe  
  18  4:09  Probe  
  18  4:11  Stalker  
  18  4:12  Adept, Probe  
  18  4:14  Stalker  
  24  4:17  Pylon  
  24  4:21  Probe  
  24  4:22  Gateway  
  24  4:24  Probe  
  24  4:27  Pylon  
  24  4:29  Stalker  
  26  4:33  Stalker, Probe, Robotics Facility  
  26  4:36  Probe  
  26  4:38  Stalker  
  30  4:41  Pylon  
  30  4:45  Probe  
  30  4:48  Probe  
  30  4:50  Stalker  
  32  4:56  Stalker x2  
  32  4:57  Probe  
  36  5:00  Probe  
  36  5:08  Probe  
  36  5:12  Probe  
  36  5:13  Stalker  
  38  5:14  Pylon  
  38  5:16  Adept, Probe  
  38  5:17  Stalker  
  38  5:20  Adept  
  44  5:22  Unknown  
  44  5:24  Probe x2  
  44  5:27  Pylon  
  44  5:32  Unknown  
  44  5:36  Stalker, Probe x2  
  44  5:37  Stalker  
  44  5:39  Pylon  
  44  5:40  Stalker, Zealot  
  52  5:52  Probe  
  52  5:55  Probe  
  52  6:00  Stalker  
  52  6:02  Zealot  
  52  6:03  Stalker  
  52  6:04  Stalker  
  60  6:05  Probe  
  60  6:08  Probe  
  60  6:09  Pylon  
  60  6:10  Observer  
  61  6:20  Probe  
  61  6:22  Probe  
  61  6:23  Zealot  
  61  6:24  Zealot  
  65  6:26  Sentry  
  65  6:28  Zealot  
  65  6:29  Pylon  
  65  6:32  Probe  
  69  6:34  Probe  
  69  6:37  Zealot  
  71  6:41  Nexus  
  71  6:46  Zealot  
  73  6:49  Zealot  
  73  6:50  Zealot  
  77  6:55  Pylon, Zealot  
  73  7:01  Zealot  
  73  7:06  Pylon  
  63  7:11  Zealot  
  63  7:12  Stalker  
  51  7:15  Stalker  
  51  7:17  Sentry  
  51  7:19  Observer, Warp Prism  
  42  7:29  Zealot  
  30  7:38  Zealot  
  30  7:40  Observer, Zealot  
  30  7:41  Sentry  
  30  7:43  Adept  
  39  7:55  Immortal  
  39  7:57  Zealot  
  45  7:58  Probe  
  45  8:00  Sentry, Probe  
  45  8:01  Probe  
  45  8:02  Zealot  
  45  8:04  Zealot  
  51  8:06  Immortal  
  51  8:12  Stalker  
  57  8:20  Probe  
  57  8:21  Zealot  
  57  8:22  Probe  
  57  8:24  Probe  
  57  8:26  Sentry  
  61  8:27  Zealot  
  61  8:30  Pylon  
  61  8:33  Adept  
  65  8:35  Immortal  
  65  8:40  Probe  
  69  8:41  Zealot  
  69  8:45  Warp Prism  
  73  8:49  Zealot  
  73  8:51  Nexus, Zealot  
  73  8:54  Sentry  
  79  8:58  Unknown  
  79  9:03  Stalker  
  79  9:07  Immortal  
  79  9:08  Sentry  
  83  9:10  Pylon  
  83  9:13  Stalker  
  83  9:14  Immortal  
  89  9:17  Unknown  
  89  9:18  Zealot  
  89  9:19  Sentry  
  89  9:21  Immortal  
  97  9:28  Sentry  
  99  9:38  Sentry  
  101  9:39  Adept  
  101  9:42  Zealot  
  89  9:46  Zealot  
  79  9:54  Observer  
  80  10:00  Zealot  
  80  10:01  Observer  
  80  10:02  Adept  
  80  10:03  Adept  
  80  10:05  Zealot  
  89  10:16  Immortal  
  93  10:21  Zealot  
  93  10:22  Zealot, Immortal  
  93  10:24  Zealot  
  93  10:25  Zealot  
  105  10:41  Zealot  
  105  10:42  Zealot  
  109  10:43  Adept  
  109  10:47  Stalker  
  113  10:52  Unknown  
  113  10:54  Nexus  
  113  10:57  Zealot  
  113  11:02  Adept  
  117  11:05  Adept  
  119  11:13  Stalker  
  119  11:14  Stalker  
  123  11:19  Pylon  
  123  11:20  Adept  
  123  11:24  Stalker x2  
  125  11:27  Stalker  
  125  11:30  Unknown  
  125  11:32  Stalker  
  129  11:40  Stalker  
  129  11:42  Adept, Stargate  
  129  11:46  Stalker x2  
  129  11:47  Stalker x4  
  133  11:48  Stalker  
  133  11:56  Stalker x4  
  133  11:57  Stalker  
  111  12:02  Zealot  
  111  12:04  Zealot  
  111  12:05  Zealot  
  117  12:12  Pylon  
  117  12:15  Robotics Bay  
  117  12:16  Zealot  
  117  12:20  Adept  
  117  12:21  Zealot  
  115  12:23  Phoenix  
  115  12:25  Stalker  
  117  12:32  Unknown, Zealot  
  117  12:36  Zealot  
  89  12:40  Adept  
  89  12:41  Phoenix  
  89  12:43  Pylon  
  89  12:49  Sentry  
  87  12:53  Gateway  
  87  12:55  Zealot  
  87  12:57  Immortal  
  87  12:58  Zealot, Robotics Facility  
  95  12:59  Immortal  
  95  13:01  Unknown  
  95  13:05  Adept  
  101  13:09  Phoenix  
  101  13:12  Zealot  
  105  13:16  Zealot  
  107  13:22  Zealot  
  107  13:24  Forge  
  107  13:25  Stalker  
  111  13:27  Colossus  
  111  13:29  Twilight Council  
  111  13:32  Zealot  
  113  13:34  Phoenix  
  113  13:38  Colossus  
  127  13:45  Adept  
  127  13:46  Adept, Void Ray  
  127  13:47  Adept  
  127  13:48  Sentry  
  135  13:52  Forge  
  135  13:59  Pylon  
  135  14:01  Colossus  
  145  14:09  Photon Cannon, Sentry  
  147  14:10  Stalker  
  147  14:11  Sentry  
  151  14:18  Stalker  
  151  14:19  Stalker  
  151  14:20  Void Ray  
  151  14:21  Colossus, Gateway  
  155  14:30  Forge  
  165  14:31  Colossus  
  171  14:40  Photon Cannon  
  171  14:44  Stalker  
  171  14:45  Colossus  
  173  14:46  Sentry  
  173  14:47  Stalker  
  173  14:51  Stalker  
  179  14:53  Stalker  
  187  15:03  Phoenix  
  187  15:04  Stalker x2  
  187  15:06  Stalker  
  191  15:08  Stalker  
  191  15:09  Colossus, Stalker  
  195  15:15  Pylon  
  201  15:22  Void Ray, Stalker  
  201  15:25  Colossus  
  209  15:31  Photon Cannon  
  213  15:36  Photon Cannon  
  213  15:38  Disruptor  
  184  15:54  Zealot  
  184  15:55  Zealot  
  184  15:56  Photon Cannon, Zealot  
  140  16:00  Zealot, Immortal  
  140  16:01  Adept  
  144  16:04  Immortal  
  144  16:05  Phoenix  
  144  16:06  Zealot  
  144  16:09  Photon Cannon  
  150  16:17  Colossus, Stalker  
  152  16:18  Sentry  
  152  16:20  Stalker  
  152  16:21  Immortal  
  152  16:23  Pylon, Stalker  
  152  16:24  Stalker  
  158  16:27  Stalker  
  158  16:30  Phoenix  
  158  16:32  Photon Cannon  
  150  16:40  Immortal  
  150  16:41  Zealot  
  150  16:42  Photon Cannon, Zealot  
  150  16:43  Disruptor  
  150  16:44  Zealot  
  159  16:47  Zealot  
  159  16:49  Zealot  
  159  16:51  Zealot  
  159  16:52  Photon Cannon  
  165  16:55  Phoenix  
  165  17:00  Disruptor  
  165  17:01  Stalker  
  166  17:03  Adept  
  166  17:08  Zealot  
  160  17:11  Zealot  
  160  17:12  Colossus  
  160  17:13  Phoenix  
  160  17:15  Zealot  
  154  17:16  Adept  
  146  17:24  Sentry  
  146  17:26  Sentry  
  146  17:28  Stalker  
  146  17:29  Stalker  
  158  17:31  Colossus  
  158  17:33  Zealot  
  158  17:35  Adept  
  168  17:37  Colossus  
  168  17:40  Zealot  
  168  17:41  Phoenix  
  178  17:50  Zealot  
  180  17:53  Stalker  
  180  17:55  Adept  
  180  17:56  Sentry  
  180  17:57  Stalker  
  180  17:58  Adept  
  190  18:00  Void Ray  
  190  18:01  Disruptor  
  190  18:06  Sentry  
  199  18:15  Sentry  
  201  18:21  Stalker  
  201  18:23  Stalker  
  201  18:25  Adept, Immortal  
  211  18:28  Stalker  
  211  18:30  Disruptor, Stalker  
  215  18:34  Immortal  
  215  18:39  Stalker  
  224  18:43  Phoenix, Stalker  
  228  19:03  Stalker  
  228  19:04  Pylon  
Show
View Real Time Build Order
Export as new Build Order

CmdrBeaumont Terran 

Build Orders: Mech 

Get SALT Encoding   

    0:03  SCV  
    0:15  SCV  
    0:24  Unknown  
    0:27  SCV  
    0:40  SCV  
    0:47  Unknown  
    0:52  SCV  
    0:55  Supply Depot  
    1:04  SCV  
    1:16  SCV  
    1:17  Supply Depot  
    1:24  Barracks  
    1:28  SCV  
    1:39  Barracks  
    1:40  SCV, Supply Depot  
    1:51  Engineering Bay  
    1:52  SCV  
    2:04  Supply Depot  
    2:27  Supply Depot  
    2:32  Barracks Tech Lab  
    2:44  Barracks Tech Lab  
    2:47  Bunker  
    2:59  Bunker  
    3:13  Missile Turret  
    3:19  Bunker  
    3:31  Bunker  
    3:33  Missile Turret  
    3:34  Marine  
    3:37  Marine  
  2  3:50  Sensor Tower  
  2  3:51  Marine  
  2  3:53  Missile Turret  
  2  3:55  Marine  
  4  4:02  Command Center  
  4  4:09  Marine  
  5  4:13  Marine  
  5  4:14  Missile Turret  
  5  4:15  Unknown  
  6  4:27  Marine  
  6  4:30  Marine  
  8  4:31  Sensor Tower  
  8  4:35  Missile Turret  
  8  4:37  Unknown  
  8  4:45  Marine  
  9  4:48  Marine  
  9  4:51  SCV  
  10  5:00  Missile Turret  
  10  5:03  Marine, SCV  
  10  5:06  Marine  
  12  5:15  SCV  
  12  5:20  Missile Turret  
  12  5:21  Marine  
  13  5:24  Marine  
  13  5:27  Factory  
  13  5:28  SCV  
  14  5:38  Marine  
  14  5:40  SCV  
  14  5:42  Marine, Missile Turret  
  16  5:52  SCV  
  16  5:56  Marine  
  17  5:59  Marine  
  18  6:04  SCV  
  18  6:06  Terran Infantry Weapons Level 1  
  18  6:12  Factory  
  18  6:14  Factory Tech Lab  
  18  6:16  SCV  
  18  6:17  Marine  
  19  6:35  Marine  
  20  6:40  Starport  
  20  6:47  Starport  
  20  6:54  Starport  
  20  6:56  Factory  
  20  6:57  Siege Tank  
  20  6:58  Starport  
  23  7:03  Factory Tech Lab  
  23  7:11  SCV  
  23  7:15  SCV  
  23  7:21  Starport Tech Lab  
  23  7:23  SCV  
  23  7:24  Starport Tech Lab  
  23  7:27  SCV  
  23  7:29  Siege Tank  
  26  7:33  Starport Tech Lab  
  26  7:35  SCV  
  26  7:36  Starport Tech Lab  
  26  7:39  SCV  
  26  7:48  SCV  
  26  7:50  Supply Depot  
  26  7:51  SCV  
  26  8:00  SCV, Neosteel Armor  
  26  8:01  Siege Tank  
  26  8:03  SCV  
  29  8:12  SCV, Supply Depot  
  29  8:15  SCV  
  29  8:24  SCV  
  29  8:27  SCV  
  29  8:33  Siege Tank  
  32  8:35  Supply Depot  
  32  8:36  SCV  
  32  8:39  SCV  
  32  8:45  Fusion Core  
  32  8:48  SCV  
  32  8:51  SCV  
  32  8:57  Supply Depot  
  32  9:00  SCV  
  32  9:03  SCV  
  32  9:12  SCV  
  32  9:40  Hi-Sec Auto Tracking  
Show
View Real Time Build Order
Export as new Build Order

TNF Protoss 

Build Orders:  

Get SALT Encoding   

    0:03  Probe  
    0:15  Probe  
    0:27  Pylon, Probe  
    0:33  Unknown  
    0:37  Unknown  
    0:39  Probe  
    0:51  Pylon, Probe  
    0:58  Pylon  
    1:03  Probe  
    1:12  Forge  
    1:21  Gateway  
    1:34  Nexus  
    1:38  Probe  
    1:50  Probe  
    2:02  Probe  
    2:08  Photon Cannon  
    2:10  Photon Cannon  
    2:14  Probe  
    2:15  Photon Cannon  
    2:19  Photon Cannon  
    2:26  Photon Cannon, Probe  
    2:29  Photon Cannon  
    2:33  Photon Cannon  
    2:38  Probe  
    2:39  Cybernetics Core  
    2:45  Photon Cannon  
    2:48  Photon Cannon  
    2:52  Protoss Shields Level 1  
    3:04  Probe  
    3:10  Unknown  
    3:13  Unknown  
    3:16  Probe  
    3:20  Pylon  
    3:28  Probe  
    3:38  Protoss Air Weapons Level 1  
    3:40  Probe  
    3:50  Shield Battery  
    3:52  Shield Battery, Probe  
    3:57  Shield Battery  
    4:00  Shield Battery  
    4:04  Probe  
    4:05  Stargate  
    4:11  Stargate  
    4:16  Probe  
    4:17  Stargate  
    4:28  Probe  
    4:41  Probe  
    4:46  Void Ray  
  4  4:53  Probe  
  4  4:58  Void Ray  
  4  5:01  Protoss Ground Armor Level 1  
  4  5:03  Void Ray  
  4  5:05  Probe  
  12  5:23  Probe  
  12  5:35  Probe  
  12  5:41  Void Ray  
  12  5:42  Void Ray  
  12  5:44  Void Ray  
  12  5:47  Protoss Air Armor Level 1  
  12  5:48  Probe  
  24  6:00  Probe  
  24  6:12  Probe  
  24  6:18  Void Ray  
  24  6:19  Void Ray  
  24  6:21  Void Ray  
  36  6:55  Void Ray (Chrono Boost)  
  36  6:58  Void Ray (Chrono Boost)  
  40  7:01  Void Ray (Chrono Boost)  
  44  7:09  Protoss Ground Weapons Level 1  
  44  7:29  Void Ray (Chrono Boost)  
  44  7:31  Void Ray (Chrono Boost)  
  44  7:43  Void Ray (Chrono Boost), Probe  
  56  7:55  Probe  
  56  7:59  Void Ray  
  56  8:01  Void Ray  
  56  8:07  Probe  
  52  8:13  Void Ray  
  52  8:19  Probe  
  48  8:31  Probe  
  48  8:33  Fleet Beacon  
  40  8:36  Void Ray (Chrono Boost)  
  40  8:37  Twilight Council  
  40  8:39  Void Ray (Chrono Boost)  
  24  8:57  Void Ray (Chrono Boost)  
  28  9:10  Void Ray (Chrono Boost)  
  28  9:12  Void Ray (Chrono Boost)  
  32  9:24  Pylon  
  36  9:27  Void Ray  
  36  9:28  Pylon  
  40  9:40  Void Ray  
  40  9:42  Photon Cannon, Void Ray  
  40  9:45  Photon Cannon  
  40  9:52  Photon Cannon  
  48  9:54  Photon Cannon  
  48  9:59  Photon Cannon  
  48  10:04  Void Ray  
  48  10:05  Shield Battery  
  48  10:08  Shield Battery  
  52  10:17  Void Ray  
  52  10:19  Void Ray  
  52  10:23  Charge  
  60  10:32  Protoss Shields Level 2  
  60  10:41  Void Ray  
  64  10:55  Void Ray  
  64  10:56  Protoss Air Weapons Level 2, Void Ray  
  72  11:06  Pylon  
  72  11:12  Photon Cannon  
  72  11:17  Photon Cannon  
  72  11:18  Void Ray  
  72  11:20  Photon Cannon  
  72  11:23  Photon Cannon  
  76  11:28  Photon Cannon  
  76  11:34  Photon Cannon  
  76  11:36  Photon Cannon  
  76  11:37  Tempest  
  76  11:39  Tempest, Photon Cannon  
  86  11:42  Photon Cannon  
  82  13:05  Tempest  
  75  13:06  Protoss Ground Armor Level 2  
  75  13:29  Protoss Air Armor Level 2  
  75  13:31  Photon Cannon  
  75  13:35  Photon Cannon  
  75  13:41  Pylon  
  75  13:50  Photon Cannon  
  75  13:51  Photon Cannon  
  75  13:55  Photon Cannon  
  75  13:59  Tempest x2  
  85  14:03  Pylon  
  85  14:08  Photon Cannon  
  85  14:14  Photon Cannon  
  85  14:18  Photon Cannon  
  85  14:21  Tempest  
  90  14:36  Void Ray  
  90  14:40  Photon Cannon  
  90  14:45  Photon Cannon  
  94  14:50  Shield Battery  
  94  14:53  Shield Battery  
  94  14:57  Shield Battery  
  94  15:15  Photon Cannon  
  94  15:34  Pylon  
  94  15:38  Pylon  
  94  15:39  Protoss Ground Weapons Level 2  
  94  15:41  Pylon  
  94  15:44  Pylon  
  94  15:46  Void Ray x2  
  94  15:47  Pylon  
  94  15:50  Pylon  
  94  15:56  Tempest  
  107  16:23  Void Ray  
  107  16:29  Tempest  
  116  16:33  Void Ray  
  120  17:00  Void Ray  
  124  17:10  Void Ray  
  124  17:12  Tempest  
  73  17:45  Tempest (Chrono Boost)  
  73  17:47  Stargate  
  73  17:49  Void Ray (Chrono Boost)  
  63  17:53  Void Ray (Chrono Boost), Stargate  
  56  18:17  Void Ray (Chrono Boost)  
  68  18:27  Tempest (Chrono Boost)  
  68  18:31  Tempest (Chrono Boost)  
Show
View Real Time Build Order
Export as new Build Order

SlushyStar Protoss 

Build Orders: Carriers 

Get SALT Encoding   

    0:02  Probe  
    0:14  Probe  
    0:29  Probe  
    0:33  Pylon  
    0:41  Probe  
    0:45  Pylon  
    0:53  Probe  
    1:05  Probe  
    1:10  Gateway  
    1:17  Probe  
    1:23  Nexus  
    1:29  Probe  
    1:41  Probe  
    1:52  Gateway  
    1:54  Gateway  
    2:11  Unknown  
    2:12  Unknown  
    2:23  Nexus  
    2:31  Cybernetics Core  
    2:34  Zealot  
  2  2:38  Probe  
  2  2:50  Probe x2  
  2  3:02  Probe x2  
  2  3:05  Forge  
  2  3:07  Zealot  
  2  3:09  Zealot  
  2  3:11  Warp Gate  
  6  3:14  Probe x2  
  6  3:22  Stargate  
  6  3:26  Stargate, Probe  
  6  3:27  Probe  
  6  3:34  Stargate  
  6  3:39  Probe x2  
  6  3:51  Probe  
  6  4:03  Probe  
  6  4:15  Probe  
  6  4:27  Probe  
  6  4:28  Pylon  
  6  4:31  Pylon  
  6  4:32  Pylon  
  6  4:37  Photon Cannon  
  6  4:40  Void Ray  
  6  4:43  Void Ray  
  6  4:44  Void Ray  
  18  4:59  Probe  
  18  5:03  Probe  
  18  5:05  Protoss Air Weapons Level 1  
  18  5:11  Probe  
  18  5:15  Probe  
  18  5:18  Pylon  
  18  5:21  Pylon  
  18  5:23  Pylon, Probe  
  18  5:25  Pylon  
  18  5:26  Stalker  
  20  5:35  Probe  
  20  5:36  Stalker  
  22  5:47  Probe  
  22  5:50  Photon Cannon x2  
  22  5:52  Photon Cannon  
  22  5:53  Photon Cannon  
  22  5:54  Photon Cannon  
  22  5:55  Photon Cannon  
  22  5:57  Photon Cannon  
  22  6:04  Void Ray  
  22  6:05  Shield Battery  
  22  6:08  Void Ray  
  22  6:11  Void Ray  
  34  6:23  Probe  
  34  6:33  Unknown  
  34  6:35  Probe  
  34  6:36  Unknown  
  34  6:38  Stalker  
  36  6:41  Void Ray, Stalker  
  36  6:43  Stalker  
  36  6:45  Void Ray  
  40  6:48  Void Ray, Probe  
  48  7:00  Probe  
  52  7:12  Probe  
  52  7:14  Protoss Air Armor Level 1  
  52  7:18  Void Ray  
  36  7:58  Void Ray  
  36  8:01  Void Ray  
  36  8:03  Void Ray  
  44  8:22  Probe  
  44  8:34  Probe  
  44  8:35  Fleet Beacon  
  44  8:36  Void Ray  
  44  8:38  Void Ray  
  44  8:40  Void Ray, Stalker  
  46  8:42  Stalker  
  46  8:44  Stalker  
  46  8:46  Probe  
  62  8:58  Probe  
  62  9:02  Probe  
  62  9:11  Probe  
  62  9:13  Void Ray  
  62  9:14  Probe  
  62  9:16  Void Ray  
  62  9:17  Void Ray  
  62  9:23  Probe  
  74  9:26  Probe  
  74  9:30  Pylon x2  
  74  9:32  Pylon  
  74  9:33  Pylon  
  74  9:35  Pylon  
  74  9:36  Pylon  
  74  9:38  Pylon, Probe  
  74  9:39  Pylon  
  74  9:40  Pylon  
  74  9:42  Stalker  
  74  9:45  Stalker  
  78  9:48  Stalker  
  78  9:50  Probe  
  80  9:56  Carrier  
  80  9:59  Carrier  
  92  10:01  Carrier  
  98  11:03  Carrier  
  110  11:05  Carrier  
  116  11:16  Probe  
  116  11:20  Probe  
  116  11:23  Carrier  
  116  11:28  Probe  
  116  11:34  Stargate  
  116  11:35  Stargate  
  116  11:37  Stargate  
  116  11:39  Stargate  
  116  11:40  Probe  
  116  11:52  Probe  
  116  12:04  Probe  
  116  12:07  Tempest  
  121  12:09  Tempest  
  122  12:26  Tempest  
  107  13:03  Carrier  
  107  13:04  Carrier  
  119  13:07  Carrier  
  119  13:08  Carrier  
  119  13:10  Carrier x2  
  119  13:11  Carrier  
  109  14:51  Probe  
  109  15:03  Probe  
  109  15:15  Probe  
  109  15:27  Probe  
  109  15:39  Probe  
  109  15:58  Carrier  
  109  15:59  Carrier  
  109  16:00  Carrier  
  133  16:18  Carrier  
  133  16:22  Carrier  
  133  16:25  Carrier  
  145  16:27  Carrier  
  121  17:03  Carrier  
  121  17:04  Carrier  
  121  17:05  Carrier  
  133  17:22  Carrier  
  133  17:26  Carrier  
  133  17:29  Carrier  
  133  18:08  Carrier x2  
  133  18:09  Carrier  
Show
View Real Time Build Order
Export as new Build Order

Raynar Protoss 

Build Orders: 1 Gate Expand 

Get SALT Encoding   

    0:01  Probe  
    0:13  Probe (Chrono Boost)  
    0:19  Pylon  
    0:25  Probe (Chrono Boost)  
    0:31  Unknown  
    0:32  Probe (Chrono Boost)  
    0:39  Probe  
    0:41  Gateway  
    0:51  Probe  
    1:03  Probe (Chrono Boost)  
    1:13  Probe (Chrono Boost)  
    1:14  Nexus  
    1:18  Probe (Chrono Boost)  
    1:22  Pylon  
    1:27  Forge  
    1:30  Probe  
    1:31  Pylon  
    1:36  Unknown  
    1:42  Probe  
    1:45  Pylon  
    1:54  Probe  
    2:06  Probe  
    2:08  Photon Cannon  
    2:10  Photon Cannon  
    2:18  Photon Cannon, Probe  
    2:20  Photon Cannon  
    2:25  Cybernetics Core  
    2:28  Pylon  
    2:32  Probe (Chrono Boost)  
    2:36  Probe (Chrono Boost)  
    2:46  Probe (Chrono Boost)  
    2:47  Probe (Chrono Boost)  
    2:51  Probe (Chrono Boost)  
    2:54  Probe  
    2:56  Photon Cannon  
    3:01  Photon Cannon  
    3:03  Probe  
    3:10  Shield Battery  
    3:13  Shield Battery x2  
    3:15  Probe  
    3:18  Shield Battery  
    3:21  Photon Cannon  
    3:24  Photon Cannon  
    3:27  Shield Battery  
    3:37  Stargate  
    3:40  Pylon  
    4:03  Photon Cannon  
    4:07  Shield Battery  
    4:14  Probe (Chrono Boost)  
    4:15  Pylon  
    4:16  Void Ray (Chrono Boost)  
    4:23  Probe (Chrono Boost)  
    4:24  Probe (Chrono Boost)  
    4:25  Protoss Shields Level 1 (Chrono Boost), Unknown x2  
    4:29  Probe x2 (Chrono Boost)  
  4  4:41  Protoss Air Weapons Level 1 (Chrono Boost), Probe x2  
  4  4:45  Stargate  
  4  4:46  Void Ray (Chrono Boost)  
  4  4:50  Photon Cannon  
  8  4:53  Probe x2  
  8  4:55  Fleet Beacon  
  8  5:02  Pylon  
  8  5:05  Probe x2  
  8  5:17  Probe  
  8  5:18  Probe  
  8  5:19  Void Ray (Chrono Boost)  
  12  5:29  Void Ray, Probe  
  12  5:30  Probe  
  16  5:41  Probe  
  16  5:42  Probe  
  16  5:49  Twilight Council  
  16  5:50  Void Ray (Chrono Boost)  
  16  5:53  Probe  
  16  5:54  Probe  
  16  5:55  Pylon  
  20  5:57  Pylon  
  20  6:04  Void Ray (Chrono Boost)  
  20  6:05  Probe  
  20  6:06  Probe  
  24  6:24  Void Ray (Chrono Boost)  
  24  6:39  Void Ray (Chrono Boost)  
  20  6:43  Protoss Air Armor Level 1  
  24  6:54  Void Ray (Chrono Boost)  
  20  7:13  Void Ray (Chrono Boost)  
  24  7:27  Void Ray (Chrono Boost)  
  28  7:43  Void Ray  
  32  7:57  Photon Cannon  
  17  8:33  Pylon  
  5  8:35  Pylon  
    8:45  Nexus  
    8:55  Nexus  
Show
View Real Time Build Order
Export as new Build Order

Throwfordays Zerg 

Build Orders: Hatch First 

Get SALT Encoding   

    0:01  Drone  
    0:08  Drone  
    0:12  Overlord  
    0:22  Drone  
    0:27  Drone  
    0:38  Hatchery  
    0:39  Drone  
    0:47  Drone  
    0:52  Spawning Pool  
    0:56  Drone  
    1:07  Drone  
    1:17  Drone  
    1:28  Drone  
    1:39  Drone  
    1:40  Queen  
  2  1:50  Drone  
  2  1:51  Drone  
  2  1:52  Queen  
  4  2:00  Unknown  
  4  2:02  Drone, Unknown  
  4  2:07  Drone  
  4  2:16  Queen  
  4  2:20  Spine Crawler  
  6  2:23  Drone  
  6  2:24  Drone  
  6  2:27  Drone x2  
  6  2:28  Queen  
  8  2:35  Drone  
  8  2:43  Drone  
  8  2:45  Drone  
  8  2:50  Drone x2  
  8  2:51  Queen  
  8  2:52  Drone  
  10  2:58  Drone x2  
  10  3:02  Drone x2  
  10  3:03  Drone x2  
  10  3:04  Queen  
  12  3:20  Roach Warren  
  12  3:22  Evolution Chamber  
  12  3:23  Metabolic Boost  
  12  3:27  Queen, Zergling x10  
  19  3:37  Drone  
  19  3:38  Drone x5  
  19  3:39  Queen  
  21  3:52  Drone x2  
  21  3:53  Zerg Missile Weapons Level 1  
  21  4:02  Roach x2  
  27  4:03  Roach  
  27  4:07  Overlord  
  27  4:10  Overlord x3  
  27  4:11  Overlord x2  
  27  4:21  Evolution Chamber  
  27  4:22  Evolution Chamber  
  27  4:24  Queen x2  
  27  4:27  Drone x2  
  31  4:31  Drone x2  
  31  4:59  Zerg Melee Weapons Level 1  
  31  5:00  Zerg Ground Armor Level 1  
  31  5:02  Lair  
  31  5:17  Drone  
  31  5:18  Drone  
  31  5:22  Unknown  
  31  5:24  Drone, Unknown  
  31  5:25  Drone  
  31  5:38  Roach x3  
  31  5:39  Roach x3  
  43  6:14  Glial Reconstitution  
  43  6:21  Drone  
  43  6:22  Drone x2  
  43  6:24  Drone x3  
  43  6:27  Roach x4  
  51  7:00  Roach x2  
  51  7:01  Roach x2  
  59  7:05  Roach x5  
  69  7:14  Hydralisk Den  
  69  7:17  Spire  
  65  7:51  Overseer  
  40  8:11  Roach  
  40  8:12  Roach x5  
  52  8:15  Zerg Melee Weapons Level 2, Zerg Ground Armor Level 2, Zerg Missile Weapons Level 2  
  52  8:18  Roach x5  
  62  8:38  Hatchery  
  62  8:47  Roach  
  62  8:48  Roach x4  
  72  8:51  Roach x2  
  72  8:53  Overlord  
  72  8:54  Overlord x3  
  76  9:00  Tunneling Claws  
  74  10:04  Queen  
  76  10:23  Hydralisk x2  
  76  10:24  Hydralisk x3  
  76  10:27  Hydralisk x3  
  76  10:28  Hydralisk x5  
  84  10:35  Hydralisk x3  
  80  10:40  Grooved Spines  
  66  10:48  Infestation Pit  
  50  11:25  Hydralisk x3  
  54  11:29  Hydralisk  
  54  11:30  Hydralisk x3  
  64  11:35  Hydralisk x2  
  64  11:36  Hydralisk x5  
  64  11:37  Hydralisk  
  80  11:43  Hive  
  64  12:48  Hydralisk x5  
  64  12:49  Hydralisk  
  74  12:52  Hydralisk x4  
  74  12:53  Hydralisk  
  74  12:56  Hydralisk x3  
  74  12:57  Hydralisk x2  
  66  13:19  Hydralisk x2  
  68  13:26  Drone x2  
  70  13:29  Drone  
  70  13:37  Drone  
  70  13:55  Hatchery  
  28  14:44  Hydralisk  
  28  14:45  Hydralisk x6  
  38  15:00  Hydralisk x2  
  38  15:01  Hydralisk x7  
  38  15:06  Hydralisk x4  
  38  15:07  Hydralisk x2  
  60  15:12  Zerg Ground Armor Level 3, Zerg Missile Weapons Level 3, Zerg Melee Weapons Level 3  
  68  15:15  Muscular Augments  
  68  15:17  Adrenal Glands  
  68  15:24  Hydralisk x3  
  68  15:25  Hydralisk x2  
  78  15:30  Queen  
  78  15:31  Hydralisk x3  
  86  15:42  Lurker Den  
  76  16:00  Hydralisk x2  
  76  16:01  Hydralisk x4  
  30  16:47  Hydralisk x4  
  30  16:48  Hydralisk x4  
  30  16:51  Hydralisk x3  
  30  16:52  Hydralisk x2  
  56  16:55  Hydralisk x3  
  56  16:56  Hydralisk x2  
  56  17:01  Drone  
  54  17:21  Hydralisk x2  
  54  17:22  Hydralisk x2  
  48  17:26  Hydralisk  
  48  17:27  Hydralisk x4  
  46  17:43  Hatchery  
  36  17:45  Hydralisk x2  
  36  17:46  Hydralisk x4  
  36  17:49  Hydralisk x2  
  36  17:50  Hydralisk x3  
  50  17:55  Hydralisk x2  
  46  17:59  Hydralisk  
  44  18:17  Hydralisk x5  
  54  18:23  Lurker  
  54  18:24  Lurker x4  
  54  18:25  Lurker  
Tags
 
Add a new tag
Caveats
  • Supply blocks, unpowered buildings, or Contaminate may cause inaccurate times.
  • Supply counts are checked every 10 seconds.